 Dungeon Crawl Stone Soup version 0.31-a0-210-gccc998df9b (webtiles) character file.

Game seed: 4478046114420951798

1620 Edyrem the Skirmisher (level 8, -11/53 HPs)
             Began as a Tengu Hunter on July 1, 2023.
             Killed from afar by an acid dragon (32 damage)
             ... with a splash of acid
             ... on level 6 of the Dungeon.
             The game lasted 00:11:01 (4826 turns).

Edyrem the Skirmisher (Tengu Hunter)                Turns: 4826, Time: 00:11:02

Health: -11/53     AC: 10    Str: 12    XL:     8   Next: 96%
Magic:  9/9        EV: 13    Int: 10    God:
Gold:   421        SH:  0    Dex: 25    Spells: 7/7 levels left

rFire   . . .        a - +0 shortbow
rCold   . . .        (shield currently unavailable)
rNeg    . . .        x - +2 scale mail {rPois}
rPois   +            (helmet restricted)
rElec   .            j - +0 cloak
rCorr   .            (no gloves)
SInv    .            (boots unavailable)
Will    +....        (no amulet)
Stlth   +            s - +6 ring of dexterity
HPRegen 0.28/turn    (no ring)
MPRegen 0.11/turn

%: no passive effects
@: enlightened, flying quickly and evasively, quick
A: beak, talons 3, nimble flight
a: no special abilities


You were on level 6 of the Dungeon.
You visited 1 branch of the dungeon, and saw 6 of its levels.

You collected 421 gold pieces.

Inventory:

Hand Weapons
 a - a +0 shortbow (weapon)
 b - a +3 dagger of venom
 l - a +0 rapier of freezing
 r - a +2 whip of holy wrath
Missiles
 v - a curare-tipped dart
 w - 2 throwing nets
Armour
 c - a +0 leather armour
 j - a +0 cloak (worn)
 x - a +2 scale mail of poison resistance (worn)
Jewellery
 d - an amulet of magic regeneration
 s - a +6 ring of dexterity (left hand)
Wands
 o - a wand of flame (16)
Potions
 e - 2 potions of lignification {unknown}
 g - a potion of haste {unknown}
 h - 2 potions of enlightenment
 i - 2 potions of berserk rage {unknown}
 k - 2 potions of degeneration {unknown}
 m - a potion of mutation {unknown}
 n - a potion of resistance {unknown}
 p - 2 potions of might {unknown}
 q - 3 potions of curing {@q2}
 t - a potion of magic {unknown}
 u - a potion of attraction {unknown}


   Skills:
 + Level 7.1 Fighting
 + Level 8.8 Ranged Weapons
 * Level 4.1 Armour
 - Level 4.0 Dodging
 - Level 1.0 Stealth


You had 7 spell levels left.
You didn't know any spells.
Your spell library contained the following spells:

 Spells                   Type           Power      Damage    Failure   Level
 Necrotise                Necr           0%         1d4       87%         1
 Summon Small Mammal      Summ           0%         N/A       87%         1
 Call Canine Familiar     Summ           0%         N/A       99%         3
 Summon Guardian Golem    Hex/Summ       0%         N/A       99%         3
 Vampiric Draining        Necr           0%         2d6       99%         3
 Volatile Blastmotes      Fire/Tloc      0%         2d10      99%         3
 Fulminant Prism          Conj/Hex       0%         3d5       100%        4
 Iskenderun's Mystic Bla  Conj/Tloc      0%         2d3       100%        4
 Agony                    Necr           0%         N/A       100%        5
 Lee's Rapid Deconstruct  Erth           0%         3d4*      100%        5


Dungeon Overview and Level Annotations

Branches:
Dungeon (6/15)
 Temple: D:4-7

Altars:
Kikubaaqudgha


Innate Abilities, Weirdness & Mutations

You have a beak for a mouth.
You have claws for feet.
Your magical nature lets you fly swiftly and evasively.


Message History

The howler monkey is almost dead.
You feel sick.
You are no longer poisoned.
The white imp shouts, "Get thee hence, thou baffled lightweight nert!"
The howler monkey hits you.
You shoot an arrow.
The arrow hits the howler monkey but does no damage.
The howler monkey is almost dead.
The howler monkey barely misses you.
The howler monkey hits you but does no damage.
You shoot an arrow. The arrow hits the howler monkey!
You kill the howler monkey!
The white imp gestures at you.
The puff of frost hits something.
Your Armour skill increases to level 4!
It was a potion of enlightenment.
You feel more buoyant.
The shadow strikes at you from the darkness!
Reactivating autopickup.
The white imp shouts, "Leave, thou gorbellied frail-limbed gonus!"
You shoot an arrow. The arrow completely misses the shadow.
The arrow hits the white imp!
You kill the white imp!
The shadow hits you.
* * * LOW HITPOINT WARNING * * *
You feel better. The shadow barely misses you.
Okay, then.
As you read the scroll labelled UQOATHR LO TOU, it dissolves into smoke.
It was a scroll of fog.
You are no longer corroded.
The shadow hits you.
The shadow slips into darkness.
The shadow flickers and vanishes!
Deactivating autopickup; reactivate with Ctrl-A.
The shadow strikes at you from the darkness!
Reactivating autopickup.
The acid dragon spits acid at you. The splash of acid hits you!!
Ouch! That really hurt!
You die...

#.....#...............#...#.#
#..............<.....<..#.#..
#.....#.......).......###.###
###.#######.#...))....# #.# #.#
#.#....###### #.# #.# #.#....#
##.## #.# #.#....# #...### ###.#
#.#....#### #[....#### ....#
##.....@...####.......>#
##########.......##.#......#.##.#
#...#.##..#.##.#.###..#.....
#.........W.##§#.###..####.#
#...#........§§§§§....####.#
##.##..#.##..#.#§##§.......#
#.##..D......§#§§D§...###.#
#.###l##.....§§§##l##...... #.#
#.##.#...####...####...


You could see an acid dragon (catching breath), a shadow and an iguana.

Vanquished Creatures
  Grinder (D:5)
  An ice beast (D:6)
  2 ogres
  A phantom (D:5)
  A kobold brigand (D:6)
  3 scorpions
  3 wights (D:6)
  3 howler monkeys
  A gnoll bouda (D:5)
  5 hounds
  2 jellies (D:6)
  2 iguanas (D:6)
  7 gnolls
  9 adders
  2 white imps (D:6)
  An ufetubus (D:6)
  3 worms
  5 dart slugs
  4 orcs (D:4)
  5 ball pythons
  3 endoplasms
  3 giant cockroaches (D:2)
  6 goblins
  10 hobgoblins
  6 kobolds
  4 quokkas
  11 bats
  3 frilled lizards
  5 rats
112 creatures vanquished.

Notes
Turn   | Place    | Note
-------+----------+-------------------------------------------
     0 | D:1      | Edyrem the Tengu Hunter began the quest for the Orb.
     0 | D:1      | Reached XP level 1. HP: 12/12 MP: 2/2
   112 | D:1      | Reached XP level 2. HP: 17/17 MP: 3/3
   185 | D:1      | Found a faded altar of an unknown god.
   410 | D:1      | Reached XP level 3. HP: 22/22 MP: 4/4
   770 | D:2      | Reached skill level 5 in Ranged Weapons
  1341 | D:2      | You fall into a shaft and drop 1 floor!
  1387 | D:3      | Reached XP level 4. HP: 25/27 MP: 5/5
  1860 | D:3      | Gained mutation: Your magical nature lets you fly swiftly
                  | and evasively. [Tengu growth]
  1860 | D:3      | Reached XP level 5. HP: 32/32 MP: 6/6
  2338 | D:4      | Noticed an ogre
  2353 | D:3      | Killed an ogre
  2354 | D:3      | Reached skill level 6 in Ranged Weapons
  2354 | D:3      | Reached XP level 6. HP: 38/38 MP: 7/7
  2626 | D:4      | Found an ancient bone altar of Kikubaaqudgha.
  2806 | D:5      | Entered Level 5 of the Dungeon
  3108 | D:5      | Reached XP level 7. HP: 44/44 MP: 8/8
  3142 | D:5      | Reached skill level 5 in Fighting
  3281 | D:5      | Reached skill level 1 in Armour
  3315 | D:5      | Reached skill level 7 in Ranged Weapons
  3471 | D:5      | Noticed Grinder
  3472 | D:5      | Paralysed by Grinder for 3 turns
  3495 | D:5      | Killed Grinder
  3496 | D:5      | Reached XP level 8. HP: 30/51 MP: 9/9
  4146 | D:6      | Reached skill level 8 in Ranged Weapons
  4789 | D:6      | Noticed a shadow
  4826 | D:6      | Killed from afar by an acid dragon

Illustrated notes

Levels and vault maps discovered:
D:1:      nzn_arrival_crosshair, layout_loops_ring,
          chequers_ecumenical_altar_simple_redux
D:2:      layout_loops_ring
D:3:      layout_basic, roderic_batcave, hex_intersection,
          minmay_fractal_squares_gapless_5
D:4:      layout_cave_pools, kennysheep_mini
D:5:      layout_basic, uniq_grinder
D:6:      layout_loops_cross, minivault_11, minmay_divided_ellipse

Skill      XL: |  1  2  3  4  5  6  7  8 |
---------------+-------------------------+-----
Ranged Weapons | 5 6 7 8 |  8.8
Fighting       | 3 4 5 7 |  7.1
Dodging        | 3 4 |  4.0
Armour         | 2 4 |  4.1
Stealth        | |  1.0

Action                     |  1- 3 |  4- 6 |  7- 9 || total
---------------------------+-------+-------+-------++-------
  Melee: Dagger            |       |    22 |     8 ||    30
         Kick              |       |     5 |     5 ||    10
         Peck              |       |     3 |     1 ||     4
         Punch             |       |       |     1 ||     1
   Fire: Shortbow          |    89 |   159 |   161 ||   409
    Use: Potion            |     3 |     1 |     2 ||     6
         Scroll            |     1 |     5 |     1 ||     7
 Armour: Leather armour    |    22 |    29 |     9 ||    60
         Scale mail        |       |       |     5 ||     5
  Dodge: Dodged            |    37 |    97 |    72 ||   206

Table legend: (Time is in decaauts)
 A = Elapsed time spent in this place.
 B = Non-inter-level travel time spent in this place.
 C = Inter-level travel time spent in this place.
 D = Time resting spent in this place.
 E = Time spent auto-exploring this place.
 F = Levels seen in this place.
 G = Mean time per level.
                   A        B        C        D        E       F      G
               +--------+--------+--------+--------+--------+-----+--------+
         Total |   4678 |   4558 |    120 |      0 |   3698 |   6 |  779.7 |
       Dungeon |   4678 |   4558 |    120 |      0 |   3698 |   6 |  779.7 |
               +--------+--------+--------+--------+--------+-----+--------+

Top non-repeatable levels by time:
     D:5: 1060 daAuts
     D:3: 856 daAuts
     D:6: 847 daAuts
     D:2: 775 daAuts
     D:1: 706 daAuts
     D:4: 433 daAuts
